cohdb
Replays
Latest Replays
All Replays
Popular Replays
Top Player Replays
Match Explorer
How It Works
Community
CoH3 Stats
Reddit
Sign in to upload your games and track your stats! →
Sign in with Steam
Match 42864930
Unlisted
Match 42864930
Overview
Messages
Build Orders
End
Royal Engineer Section
Royal Engineer Section
Vickers Machine Gun Team
Construct Section Command Post
Infantry Section
Construct Field Infirmary
Infantry Section
Selects Canadian Shock Battlegroup
Selects Attacking Spirit
Construct Platoon Command Post
Selects Canadian Shock Section
Canadian Shock Section
Unlock M3 Stuart Light Tanks
M3 Stuart Light Tank
M3 Stuart Light Tank
ßoo
luckyes63
0
0
Comments
sign in to comment!
No comments posted yet!